 Dungeon Crawl Stone Soup version 0.28.0-47-ge53b351184 (webtiles) character file.

Game seed: 14496210049542571345

539 Exodus22XD the Chopper (level 7, 52/61 HPs)
             Began as a Minotaur Fighter on May 8, 2022.
             Was an Elder of Ignis.
             Quit the game on level 5 of the Dungeon.
             The game lasted 00:05:47 (4576 turns).

Exodus22XD the Chopper (Minotaur Fighter)           Turns: 4576, Time: 00:05:48

Health: 52/61      AC:  7    Str: 23    XL:     7   Next: 5%
Magic:  6/6        EV:  9    Int:  5    God:    Ignis [****..]
Gold:   246        SH:  4    Dex:  9    Spells: 6/6 levels left

rFire   + . .      SeeInvis .   a - +0 war axe
rCold   . . .      Faith    .   c - +0 buckler
rNeg    . . .      Spirit   .   b - +0 scale mail
rPois   .          Reflect  .   (helmet restricted)
rElec   .          Harm     .   (no cloak)
rCorr   .          Rampage  .   (no gloves)
Will    .....                   (no boots)
Stlth   ..........              (no amulet)
HPRegen 0.20/turn               (no ring)
MPRegen 0.10/turn               (no ring)

@: no status effects
A: horns 2, retaliatory headbutt
a: Renounce Religion, Fiery Armour, Foxfire Swarm, Rising Flame


You were on level 5 of the Dungeon.
You worshipped Ignis.
Ignis was greatly pleased with you.
You visited 1 branch of the dungeon, and saw 5 of its levels.
You also visited: Sewer.

You collected 246 gold pieces.

Inventory:

Hand Weapons
 a - a +0 war axe (weapon)
Armour
 b - a +0 scale mail (worn)
 c - a +0 buckler (worn)
Jewellery
 g - a ring of ice
Wands
 p - a wand of digging (6)
Scrolls
 e - 3 scrolls of identify {unknown}
 f - 3 scrolls of fear {unknown}
 i - a scroll of torment {unknown}
 j - a scroll of immolation {unknown}
 n - a scroll of enchant armour {unknown}
 o - a scroll of noise {unknown}
 s - 3 scrolls of enchant weapon {unknown}
Potions
 d - 3 potions of might
 h - a potion of lignification {unknown}
 k - a potion of magic {unknown}
 l - a potion of degeneration {unknown}
 m - 2 potions of heal wounds {unknown}
 q - a potion of haste
 r - a potion of curing {unknown}
 t - a potion of brilliance {unknown}


   Skills:
 + Level 5.0 Fighting
 + Level 6.3 Axes
 + Level 6.0 Armour
 + Level 4.8 Shields


You had 6 spell levels left.
You didn't know any spells.
Your spell library contained the following spells:

 Spells                   Type           Power      Damage    Failure   Level
 Portal Projectile        Hex/Tloc       0%         N/A       99%         3
 Blade Hands              Tmut           0%         N/A       100%        5
 Excruciating Wounds      Necr           0%         N/A       100%        5


Dungeon Overview and Level Annotations

Branches:
Dungeon (5/15)              Sewer (visited)
 Temple: D:4-7

Altars:
Gozag
Hepliaklqana
Makhleb
Qazlal
Vehumet
Wu Jian
Ignis

Annotations:
D:3 1 runed translucent door, CryoSword's ghost, amateur DjAE


Innate Abilities, Weirdness & Mutations

You have a pair of horns on your head.
You reflexively headbutt those who attack you in melee.


Message History

The hound barely misses you. The hound closely misses you.
A hound is nearby!
You barely miss the hound. Your headbutt misses the hound.
The hound is heavily wounded.
The hound bites you but does no damage. You block the hound's attack.
A hound is nearby!
You miss the hound.
The hound is heavily wounded.
The hound bites you but does no damage. x2
A hound is nearby!
You hit the hound but do no damage.
The hound is heavily wounded.
The hound closely misses you. The hound bites you but does no damage.
You barely miss the hound. Your headbutt misses the hound.
The hound is heavily wounded.
You block the hound's attack. The hound bites you.
You closely miss the hound.
The hound is heavily wounded.
The hound bites you but does no damage.
A hound is nearby!
You hit the hound. Your headbutt misses the hound.
The hound is heavily wounded.
The hound bites you. x2
You closely miss the hound.
The hound is heavily wounded.
The hound closely misses you. You furiously retaliate!
You headbutt the hound, but do no damage.
The hound bites you.
Activating: Foxfire Swarm
Press: ? - help, Dir - look around, f - activate Flames leap up around you!
The hound misses you. The hound barely misses you.
You slash the hound!
You kill the hound!
Your Armour skill increases to level 6!
You have reached level 7!
Unknown command.
Okay, then.
Your foxfire dissipates! x6
Your foxfire dissipates! x7
Are you sure you want to abandon this character and quit the game? (Confirm with "yes".)

.........'....'............>#
....######....###########.#.#
....# ###### #.#.# ....#
#####.#.# ....# #....†..#
....# #.......# ....#
#.......# ....#
############.......# ....+
.......@...#.......# ....#
#####.####.........# .... #
##.####'#.# ### #[# #[#.# #..
#.#.# .... #.#.# ##.#.#.#.#
...#.#.# .. #.#.#


There were no monsters in sight!

Vanquished Creatures
  A water moccasin (Sewer)
  A scorpion (D:5)
  A howler monkey (D:4)
  A centaur zombie (D:5)
  A jelly (D:4)
  A hound (D:5)
  A centaur skeleton (D:5)
  An orc wizard (D:3)
  3 gnolls (D:3)
  5 adders
  2 river rats (D:4)
  A worm (D:2)
  A dart slug (D:1)
  9 orcs (D:3)
  5 ball pythons
  12 bats
  7 endoplasms
  3 giant cockroaches
  7 goblins
  6 hobgoblins
  7 jackals
  5 kobolds
  3 quokkas
  A quokka skeleton (D:4)
  5 rats
90 creatures vanquished.

Vanquished Creatures (others)
  12 foxfires (D:5)
12 creatures vanquished.

Grand Total: 102 creatures vanquished

Notes
Turn   | Place    | Note
-------+----------+-------------------------------------------
     0 | D:1      | Exodus22XD the Minotaur Fighter began the quest for the
                  | Orb.
     0 | D:1      | Reached XP level 1. HP: 19/19 MP: 0/0
    62 | D:1      | Reached XP level 2. HP: 27/27 MP: 1/1
   496 | D:1      | Reached XP level 3. HP: 33/33 MP: 2/2
   600 | D:1      | You fall into a shaft and drop 1 floor!
  1521 | D:2      | Found a faded altar of an unknown god.
  1659 | D:2      | Prayed at the altar of an unknown god.
  1659 | D:2      | Became a worshipper of Ignis, the Dying Flame
  1754 | D:2      | Reached XP level 4. HP: 34/40 MP: 3/3
  2195 | D:3      | Found a runed translucent door.
  2203 | D:3      | Noticed CryoSword's ghost (amateur DjAE)
  2469 | D:3      | Reached XP level 5. HP: 29/47 MP: 4/4
  2626 | D:3      | Found an opulent altar of Gozag.
  3454 | D:4      | Found a burning altar of Makhleb.
  3454 | D:4      | Found an ornate altar of the Wu Jian Council.
  3553 | D:4      | Reached skill level 5 in Armour
  3610 | D:4      | Reached skill level 5 in Axes
  3623 | D:4      | Found a glowing drain.
  3633 | Sewer    | Entered a sewer
  3671 | Sewer    | Noticed a water moccasin
  3679 | Sewer    | Killed a water moccasin
  3680 | Sewer    | Reached XP level 6. HP: 41/53 MP: 5/5
  4132 | D:4      | Found a radiant altar of Vehumet.
  4148 | D:4      | Found a stormy altar of Qazlal.
  4150 | D:4      | Found a hazy altar of Hepliaklqana.
  4247 | D:5      | Entered Level 5 of the Dungeon
  4539 | D:5      | Reached skill level 5 in Fighting
  4568 | D:5      | Reached XP level 7. HP: 50/61 MP: 6/6
  4576 | D:5      | Quit the game

Illustrated notes

Levels and vault maps discovered:
D:1:      dpeg_arrival_tiny_a, layout_basic, kennysheep_minor_cross
D:2:      layout_loops_corners, basic_ecumenical_altar, due_unseen_surprise
D:3:      layout_basic, nicolae_gozag_cash_rules_everything_around_me,
          ebering_ghost_reflecting_pool, nrook_campfire
D:4:      layout_loops_ring, chequers_temple_overflow_minitemple,
          portal_sewer_entry_e
D:5:      layout_basic

Skill      XL: |  1  2  3  4  5  6 |
---------------+-------------------+-----
Fighting       | 4 5 |  5.0
Armour         | 4 5 6 |  6.0
Shields        | 4 |  4.8
Axes           | 3 4 5 6 |  6.3

Action                   |  1- 3 |  4- 6 |  7- 9 || total
-------------------------+-------+-------+-------++-------
Melee: War axe           |    83 |   124 |       ||   207
       Headbutt          |     8 |    15 |       ||    23
Invok: Fiery Armour      |       |     1 |       ||     1
       Foxfire Swarm     |       |     1 |       ||     1
Armor: Scale mail        |    42 |    81 |       ||   123
Dodge: Dodged            |    39 |    77 |       ||   116
Block: Buckler           |    26 |    31 |       ||    57
